 Dungeon Crawl Stone Soup version 0.21.0 (webtiles) character file.

517 Inarius the Chiller (level 7, 52/52 HPs)
             Began as a Red Draconian Ice Elementalist on Jan 7, 2018.
             Got out of the dungeon alive.
             The game lasted 00:14:12 (4694 turns).

Inarius the Chiller (DrIE)                          Turns: 4694, Time: 00:14:13

Health: 52/52      AC:  7    Str: 11    XL:     7   Next: 0%
Magic:  12/12      EV: 11    Int: 17    God:
Gold:   38         SH:  3    Dex:  8    Spells: 7/13 levels left

rFire    + . .     SeeInvis .   e - +0 short sword
rCold    . . .     Gourm    .   j - +0 buckler
rNeg     . . .     Faith    .   (armour unavailable)
rPois    .         Spirit   .   (helmet restricted)
rElec    .         Reflect  .   (no cloak)
rCorr    .         Harm     .   h - +0 pair of gloves
MR       .....                  (no boots)
Stlth    ++........             (no amulet)
HPRegen  0.17/turn              (no ring)
MPRegen  0.13/turn              l - -3 ring of dexterity

@: no status effects
A: breathe fire, unfitting armour, fire resistance 1, cold-blooded, AC +6
a: Breathe Fire


You escaped.
You were hungry.

You visited 1 branch of the dungeon, and saw 5 of its levels.

You collected 185 gold pieces.
You spent 147 gold pieces at shops.

Inventory:

Hand Weapons
 e - a +0 short sword (weapon)
Armour
 h - a +0 pair of gloves (worn)
 j - a +0 buckler (worn)
Jewellery
 l - a -3 ring of dexterity (right hand)
Scrolls
 c - 4 scrolls of enchant weapon
 i - 4 scrolls of teleportation
 k - a scroll of noise {unknown}
 n - a scroll of fear
 o - a scroll of acquirement {unknown}
 p - 3 scrolls of amnesia
 q - a scroll of remove curse
Potions
 d - a potion of degeneration {unknown}
 f - 3 potions of lignification
 g - 2 potions of curing {unknown}
 m - a potion of might
Books
 a - a book of Frost

   Spells                             Type                      Level
   a - Freeze                         Ice                          1
   b - Throw Frost                    Conjuration/Ice              2
   c - Ozocubu's Armour               Charms/Ice                   3
   d - Throw Icicle                   Conjuration/Ice              4
   e - Summon Ice Beast               Ice/Summoning                4
Comestibles
 b - 7 rations


   Skills:
 + Level 1.3 Fighting
 - Level 0.2 Short Blades
 - Level 2.0 Dodging
 - Level 1.7 Stealth
 - Level 2.0 Shields
 + Level 3.8 Spellcasting
 * Level 3.1 Conjurations
 * Level 0.3 Charms
 * Level 4.4 Ice Magic


You had 7 spell levels left.
You knew the following spells:

 Your Spells              Type           Power        Failure   Level  Hunger
a - Freeze                Ice            ###.         3%          1    None
b - Throw Frost           Conj/Ice       ###...       6%          2    ##.....
c - Ozocubu's Armour      Chrm/Ice       ##......     22%         3    ###....


Dungeon Overview and Level Annotations

Branches:
Dungeon (5/15)
 Temple: D:4-7

Altars:
Cheibriados
Fedhas
Uskayaw

Shops:
D:4 *


Innate Abilities, Weirdness & Mutations

You can breathe blasts of fire.
Your fiery red scales are hard. (AC +6)
You cannot fit into any form of body armour.
Your flesh is heat resistant. (rF+)
You are cold-blooded and may be slowed by cold attacks.


Message History

Found a quarterstaff.
There is a stone staircase leading up here.
You climb upwards.
There is a stone staircase leading down here.
HP restored.
There is a stone staircase leading up here.
You climb upwards.
There is a stone staircase leading down here.
There is a stone staircase leading up here.
You climb upwards.
There is a stone staircase leading down here.
You see here a club.
There is a stone staircase leading up here.
You climb upwards.
There is a stone staircase leading down here.
You open the door.
There is an open door here.
There is a staircase leading out of the dungeon here.
Are you sure you want to leave the Dungeon?
This will make you lose the game!
You have escaped!

.+......................>.#
.#+##+##.#.#.##...........#
.......#.#...##...........#
.......#.....#+...........#
.......###...##...........#
#......# #.#.....#######.##
#......# #.#.###### #.#
#......###.#.##...### #.#
##(.....##.#..'.@.'.# #.#
##......##.#..#...#.# #.#
##......+..#..#####.# #.#
##[.....####........## #.#
'..#####...#.........# #.#
###### #...'...#####.###.#
.#...# #...###.# #..##.#
.#.#.#
#...###'######.##.####
.#.#.#
#...##.............[.#


There were no monsters in sight!

Vanquished Creatures
  Purgy (D:3)
  An ogre (D:4)
  A scorpion (D:5)
  A hound (D:4)
  An iguana (D:4)
  3 worker ants
  A gnoll (D:1)
  4 adders
  A shadow imp (D:5)
  An adder skeleton (D:4)
  2 worms
  4 dart slugs (D:1)
  3 leopard geckos
  5 orcs (D:3)
  6 giant cockroaches
  12 goblins
  8 hobgoblins
  6 jackals
  10 kobolds
  2 quokkas (D:3)
  2 ball pythons
  11 bats
  8 frilled lizards
  A jackal skeleton (D:4)
  A leopard gecko skeleton (D:4)
  A quokka skeleton (D:4)
  11 rats
108 creatures vanquished.

Notes
Turn   | Place    | Note
-------+----------+-------------------------------------------
     0 | D:1      | Inarius the Draconian Ice Elementalist began the quest for the Orb.
     0 | D:1      | Reached XP level 1. HP: 14/14 MP: 3/3
   130 | D:1      | Reached XP level 2. HP: 5/20 MP: 0/5
   371 | D:1      | Learned a level 2 spell: Throw Frost
   708 | D:1      | Reached XP level 3. HP: 24/26 MP: 3/6
   713 | D:1      | Learned a level 3 spell: Ozocubu's Armour
  1513 | D:2      | Reached XP level 4. HP: 34/34 MP: 4/7
  2041 | D:2      | Reached skill level 1 in Shields
  2187 | D:3      | Reached skill level 4 in Ice Magic
  2374 | D:3      | Noticed Purgy
  2442 | D:3      | Killed Purgy
  2442 | D:3      | Reached skill level 1 in Fighting
  2442 | D:3      | Reached XP level 5. HP: 15/40 MP: 3/9
  3040 | D:4      | Found a hide-covered altar of Uskayaw.
  3045 | D:4      | Found a blossoming altar of Fedhas.
  3146 | D:4      | Noticed an ogre
  3173 | D:3      | Reached XP level 6. HP: 18/47 MP: 5/11
  3504 | D:4      | Found a snail-covered altar of Cheibriados.
  3793 | D:4      | Found Puufer's Assorted Antiques.
  3796 | D:4      | Bought a silvery potion for 22 gold pieces
  3796 | D:4      | Bought a scroll labeled ERAP ATOJU for 25 gold pieces
  3796 | D:4      | Bought a scroll labeled WYIF DAASTRAOR for 25 gold pieces
  3796 | D:4      | Bought a scroll labeled ERAP ATOJU for 25 gold pieces
  3796 | D:4      | Bought a scroll labeled ERAP ATOJU for 25 gold pieces
  3796 | D:4      | Bought a scroll labeled LEKEAD QIYPTU for 25 gold pieces
  3817 | D:4      | Reached skill level 5 in Ice Magic
  4213 | D:5      | Entered Level 5 of the Dungeon
  4592 | D:5      | Your scales start taking on a fiery red colour.
  4592 | D:5      | Reduced skill Ice Magic to level 4
  4592 | D:5      | Reached XP level 7. HP: 45/52 MP: 0/12
  4592 | D:5      | Gained mutation: Your flesh is heat resistant. (rF+) [Red Draconian growth]
  4694 | D:$      | Got out of the dungeon alive.

Skill      XL: |  1  2  3  4  5  6 |
---------------+-------------------+-----
Dodging        | 2 |  2.0
Conjurations   | 2 3 |  3.1
Shields        | 1 2 |  2.0
Ice Magic      | 4 4 |  4.4
Fighting       | 1 |  1.3
Spellcasting   | 3 |  3.8
Short Blades   | |  0.2
Stealth        | |  1.7
Charms         | |  0.3

Action                   |  1- 3 |  4- 6 |  7- 9 || total
-------------------------+-------+-------+-------++-------
Melee: Dagger            |   103 |       |       ||   103
       Tailslap          |     6 |     7 |       ||    13
       Short sword       |    19 |   199 |       ||   218
 Cast: Freeze            |    19 |    76 |     1 ||    96
       Throw Frost       |     8 |    24 |       ||    32
       Ozocubu's Armour  |     1 |     1 |       ||     2
  Use: Scroll            |     6 |     1 |       ||     7
       Potion            |       |     7 |       ||     7
 Stab: Sleeping          |     1 |     2 |       ||     3
  Eat: Chunk             |     3 |    11 |       ||    14
Armor: Skin              |    34 |   153 |       ||   187
Dodge: Dodged            |   116 |   134 |       ||   250
Block: Buckler           |       |    33 |       ||    33
